 Dungeon Crawl Stone Soup version 0.22-a0-587-g7d32d7c (webtiles) character file.

1206 Hebeh the Chopper (level 8, -7/70 HPs)
             Began as a Minotaur Fighter on July 4, 2018.
             Was a Follower of Trog.
             Killed by nerve-wracking pain
             ... invoked by a shadow imp
              (11 damage)
             ... on level 6 of the Dungeon.
             The game lasted 00:13:30 (4405 turns).

Hebeh the Chopper (Minotaur Fighter)                Turns: 4405, Time: 00:13:31

Health: -7/70      AC:  9    Str: 22    XL:     8   Next: 21%
Magic:  7/7        EV:  6    Int:  5    God:    Trog [*.....]
Gold:   249        SH: 15    Dex: 11    Spells: 7/7 levels left

rFire    . . .     SeeInvis .   a - +5 morningstar
rCold    . . .     Gourm    .   u - +0 large shield
rNeg     . . .     Faith    .   C - +0 scale mail
rPois    .         Spirit   .   o - +1 hat
rElec    .         Reflect  .   t - +0 cloak
rCorr    +         Harm     .   (no gloves)
MR       .....                  (no boots)
Stlth    ..........             (no amulet)
HPRegen  0.21/turn              q - ring of resist corrosion
MPRegen  0.10/turn              (no ring)

@: no status effects
A: retaliatory headbutt, horns 2
a: Berserk, Renounce Religion


You were on level 6 of the Dungeon.
You worshipped Trog.
Trog was aware of your devotion.
You were hungry.

You visited 1 branch of the dungeon, and saw 7 of its levels.

You collected 294 gold pieces.
You spent 45 gold pieces at shops.

Inventory:

Hand Weapons
 a - a +5 morningstar (weapon)
 b - a +0 hunting sling
 x - a +2 spear
 y - a +0 war axe
Missiles
 e - 220 stones (quivered)
 i - 46 sling bullets
Armour
 c - a +0 shield
 o - a +1 hat (worn)
 t - a +0 cloak (worn)
 u - a +0 large shield (worn)
 C - a +0 scale mail (worn)
Jewellery
 q - a ring of resist corrosion (left hand)
 z - a cursed ring of teleportation {unknown}
 B - the ring of Xocal {*Tele Str+3, unknown}
   (You found it on level 5 of the Dungeon)

   [ring of teleportation]

   It may teleport you next to monsters.
   It affects your strength (+3).
 D - an uncursed amulet of the gourmand {unknown}
 F - an uncursed ring of poison resistance {unknown}
 G - an uncursed ring of magical power {unknown}
 J - an uncursed ring of ice {unknown}
 L - a +4 amulet of reflection {unknown}
Wands
 H - a wand of paralysis (19)
Scrolls
 j - 4 scrolls of identify {unknown}
 k - 3 scrolls of remove curse {unknown}
 n - 2 scrolls of fog {unknown}
 p - 3 scrolls of noise {unknown}
 r - 2 scrolls of immolation {unknown}
 s - 3 scrolls of amnesia {unknown}
 A - a scroll of enchant weapon {unknown}
 E - a scroll of enchant armour {unknown}
Potions
 d - 2 potions of might
 g - 2 potions of curing {unknown}
 h - a potion of berserk rage {unknown}
 l - 2 potions of lignification {unknown}
 m - 4 potions of flight {unknown}
 v - a potion of agility {unknown}
 w - 3 potions of cancellation {unknown}
 I - 2 potions of haste {unknown}
Comestibles
 f - 8 rations


   Skills:
 + Level 6.3 Fighting
 - Level 6.3(6.9) Axes
 * Level 3.9(5.6) Maces & Flails
 + Level 2.2 Slings
 + Level 6.2 Armour
 + Level 6.2 Shields


You had 7 spell levels left.
You didn't know any spells.
Your spell library was empty.

Dungeon Overview and Level Annotations

Branches:
Dungeon (7/15)             Temple (0/1) D:4

Altars:
Ashenzari
Fedhas
Makhleb
Nemelex Xobeh
Okawaru
Sif Muna
Trog

Shops:
D:5 (

Annotations:
D:2 2 transporters
D:5 3 runed doors, ThereIsNoGod's ghost, novice HuCj


Innate Abilities, Weirdness & Mutations

You reflexively headbutt those who attack you in melee.
You have a pair of horns on your head.


Message History

The orc warrior throws a stone.
An orc priest comes into view.
Something hits you but does no damage.
You closely miss something.
The orc shouts!
The orc warrior throws a stone.
The stone hits you but does no damage.
An orc comes into view.
The orc warrior throws a stone.
Reactivating autopickup.
You feel a bit more experienced.
You see here 2 arrows.
The orc priest looks braver for a moment.
The shadow imp gestures at you. Pain shoots through your body!
* * * LOW HITPOINT WARNING * * *
You see here an arrow.
You are feeling hungry.
The shadow imp gestures at you. Pain shoots through your body!
You die...

..# #. ....## #.###.
.....##
#.#.####.....o%
#..((o)o.#
#.o####.#.# #..# ...
#so# ####
#######.5###.# #..
...[......@..# #.#
#######..##### #.#
#..# #.# #..# #<#
#####..######
#.#####............
###............######
.......##......#
###..#.###.....#


You could see a scorpion and a shadow imp.

Vanquished Creatures
  A phantom (D:6)
  An ogre (D:5)
  2 centaurs
  Blork the orc (D:4)
  4 scorpions
  3 wights (D:5)
  3 crimson imps
  A centaur zombie (D:6)
  A jelly (D:3)
  Crazy Yiuf (D:3)
  An orc priest (D:3)
  An orc wizard (D:6)
  2 worker ants
  2 howler monkey skeletons
  3 adders
  2 leopard geckos
  7 orcs
  3 giant cockroaches
  6 goblins (D:1)
  5 hobgoblins
  3 jackals (D:2)
  2 quokkas
  A ball python (D:4)
  2 bats (D:2)
  3 frilled lizards
  7 kobolds
  A leopard gecko zombie (D:5)
  7 rats
76 creatures vanquished.

Vanquished Creatures (others)
  Sigmund (D:6)
1 creature vanquished.

Grand Total: 77 creatures vanquished

Notes
Turn   | Place    | Note
-------+----------+-------------------------------------------
     0 | D:1      | Hebeh the Minotaur Fighter began the quest for the Orb.
     0 | D:1      | Reached XP level 1. HP: 19/19 MP: 0/0
   209 | D:1      | Found a shattered altar of Ashenzari.
   237 | D:1      | Reached XP level 2. HP: 27/27 MP: 1/1
  1112 | D:2      | Found a transporter.
  1144 | D:2      | Found a bloodstained altar of Trog.
  1171 | D:2      | Became a worshipper of Trog the Wrathful
  1238 | D:2      | Reached XP level 3. HP: 33/33 MP: 2/2
  1337 | D:2      | Found a transporter.
  1338 | D:2      | Noticed a scorpion
  1339 | D:2      | Found a deep blue altar of Sif Muna.
  1637 | D:3      | Reached XP level 4. HP: 34/40 MP: 3/3
  1960 | D:3      | Found a faded altar of an unknown god.
  1995 | D:3      | Found a runed door.
  2069 | D:3      | Noticed Crazy Yiuf
  2075 | D:3      | Killed Crazy Yiuf
  2075 | D:3      | Reached XP level 5. HP: 42/47 MP: 4/4
  2525 | D:4      | Noticed Blork the orc
  2531 | D:4      | Killed Blork the orc
  2531 | D:4      | Reached * piety under Trog
  2531 | D:4      | Reached skill level 5 in Axes
  2531 | D:4      | Reached XP level 6. HP: 29/55 MP: 5/5
  2730 | D:4      | Found a staircase to the Ecumenical Temple.
  2788 | D:4      | Reached skill level 5 in Fighting
  2788 | D:4      | Reached skill level 5 in Armour
  2788 | D:4      | Reached skill level 5 in Shields
  2929 | D:4      | Found a sparkling altar of Nemelex Xobeh.
  3052 | D:4      | Found a burning altar of Makhleb.
  3052 | D:4      | Noticed a cacodemon
  3055 | D:4      | Noticed a hellwing
  3055 | D:4      | Noticed a smoke demon
  3081 | D:5      | Entered Level 5 of the Dungeon
  3391 | D:5      | Reached XP level 7. HP: 61/61 MP: 6/6
  3418 | D:5      | Found a runed gate.
  3418 | D:5      | Found a runed gate.
  3418 | D:5      | Found a runed gate.
  3418 | D:5      | Noticed ThereIsNoGod's ghost (novice HuCj)
  3440 | D:5      | Found a blossoming altar of Fedhas.
  3451 | D:5      | Found Qeoshr Xyge's Antique Weapon Boutique.
  3572 | D:5      | Got a scintillating tin ring
  3574 | D:5      | Bought a hunting sling for 45 gold pieces
  4150 | D:6      | Reached skill level 1 in Maces & Flails
  4165 | D:6      | You fall through a shaft!
  4165 | D:7      | Found an iron altar of Okawaru.
  4176 | D:7      | Reached skill level 1 in Slings
  4362 | D:6      | Reached XP level 8. HP: 61/70 MP: 7/7
  4363 | D:6      | Noticed Sigmund
  4395 | D:6      | Killed Sigmund
  4397 | D:6      | HP: 3/70 [shadow imp/nerve-wracking pain (6)]
  4405 | D:6      | Killed from afar by a shadow imp

Vault maps used:
D:1:      dpeg_arrival_morbid_curiosity, evilmike_ruin_ashenzari
D:2:      gammafunk_temple_overflow_arena, bloody_trog
D:3:      chequers_ecumenical_altar_simple, uniq_crazy_yiuf_cottage
D:4:      lemuel_doored_altar, makhleb_altar_promises_db, temple_statues,
          uniq_blork_the_orc
D:5:      basic_altar, first_ration, serial_shops, shop,
          gammafunk_ghost_necromancy
D:6:      uniq_sigmund
D:7:      kennysheep_mini_moat, grunt_ogre_cave, okawaru_trees_1

Skill      XL: |  1  2  3  4  5  6  7  8 |
---------------+-------------------------+-----
Axes           | 3 4 5 6 |  6.3
Fighting       | 4 5 6 |  6.3
Shields        | 4 5 6 |  6.2
Armour         | 4 5 6 |  6.2
Maces & Flails | 3 |  3.9
Slings         | 1 2 |  2.2

Action                   |  1- 3 |  4- 6 |  7- 9 || total
-------------------------+-------+-------+-------++-------
Melee: War axe           |    85 |    82 |     5 ||   172
       Headbutt          |     7 |    15 |     9 ||    31
       Morningstar       |       |       |    65 ||    65
  Eat: Chunk             |     2 |     1 |     1 ||     4
       Ration            |       |     1 |     1 ||     2
Armor: Scale mail        |    41 |    24 |    26 ||    91
Dodge: Dodged            |    27 |    19 |     7 ||    53
Block: Shield            |    48 |    16 |       ||    64
       Large shield      |       |    38 |    55 ||    93

Table legend:
 A = Spawn XP
 B = Non-spawn XP
 C = Spawn XP percentage of total XP
 D = Spawn monster count
 E = Non-spawn monster count
 F = Spawn count percentage of total count
 G = Total turns spent on level
                    A         B        C        D         E        F      G
               +---------+---------+-------+---------+---------+-------+---------
         Total |       0 |    1724 |   0.0 |       0 |      77 |   0.0 |  4405
               +---------+---------+-------+---------+---------+-------+---------
           D:1 |       0 |      29 |   0.0 |       0 |      18 |   0.0 |  1103
           D:2 |       0 |      41 |   0.0 |       0 |      12 |   0.0 |   504
           D:3 |       0 |     165 |   0.0 |       0 |      16 |   0.0 |   613
           D:4 |       0 |     265 |   0.0 |       0 |       6 |   0.0 |   861
           D:5 |       0 |     401 |   0.0 |       0 |      11 |   0.0 |  1061
           D:6 |       0 |     557 |   0.0 |       0 |       9 |   0.0 |   118
           D:7 |       0 |     266 |   0.0 |       0 |       5 |   0.0 |   145
               +---------+---------+-------+---------+---------+-------+---------
